 Dungeon Crawl Stone Soup version bcrawl-1.12.2 (webtiles) character file.

Game seed: 17057425437541061063

13 MisterOstroum the Insei (level 2, -2/19 HPs)
             Began as an Octopode Transmuter on July 19, 2019.
             Slain by a worm (9 damage)
             ... on level 1 of the Dungeon.
             The game lasted 00:03:09 (471 turns).

MisterOstroum the Insei (Octopode Transmuter)        Turns: 471, Time: 00:03:09

Health: -2/19      AC:  1    Str:  9    XL:     2   Next: 37%
Magic:  1/5        EV: 13    Int: 15    God:
Gold:   18         SH:  0    Dex: 12    Spells: 2/5 levels left

rFire    . . .     SeeInvis .   f - +0 dagger
rCold    . . .     Gourm    .   (no shield)
rNeg     . . .     Faith    .   (helmet restricted)
rPois    .         Spirit   .   (cloak restricted)
rElec    .         Reflect  .   (no amulet)
rCorr    .         Harm     .   (no ring)
MR       .....                  (no ring)
Stlth    ++........             (no ring)
HPRegen  0.06/turn              (no ring)
MPRegen  0.09/turn              (no ring)
                                (no ring)
                                (no ring)
                                (no ring)

@: appendage (expiring)
A: almost no armour, stealthy swim, amphibious, 8 rings, constrict 8, tentacle
spike 3, camouflage 1, gelatinous body 1
a: End Transformation


You were on level 1 of the Dungeon.
You were not hungry.
One of your tentacles had a temporary spike.
You visited 1 branch of the dungeon, and saw 1 of its levels.

You collected 18 gold pieces.

Inventory:

Hand Weapons
 f - a +0 dagger (weapon)
Missiles
 a - 100 arrows
Scrolls
 d - a scroll of remove curse {unknown}
 g - a scroll of teleportation {unknown}
 i - a scroll of identify {unknown}
Potions
 c - a potion of lignification {@q6}
Comestibles
 b - 3 chunks of flesh
 e - a ration {!d}


   Skills:
 * Level 1.8 Fighting
 - Level 2.0 Dodging
 - Level 3.0 Unarmed Combat
 + Level 2.2 Spellcasting
 + Level 2.2 Transmutations


You had 2 spell levels left.
You knew the following spells:

 Your Spells              Type           Power        Failure   Level  Hunger
a - Beastly Appendage     Tmut           #.....       9%          1    #......
b - Sticks to Snakes      Tmut           #.......     13%         2    ###....

Your spell library contained the following spells:

 Spells                   Type           Power        Failure   Level  Hunger
 Spider Form              Tmut/Pois      #..          38%         3    ###....
 Ice Form                 Ice/Tmut       #.......     80%         4    #####..
 Blade Hands              Tmut           #.........   94%         5    ######.


Dungeon Overview and Level Annotations

Branches:
Dungeon (1/12)

Altars:


Innate Abilities, Weirdness & Mutations

You cannot wear most types of armour.
You are very stealthy in the water. (Stealth+)
You are amphibious.
You can wear up to eight rings at the same time.
You can use your tentacles to constrict eight enemies at once.
Your skin changes colour to match your surroundings (Stealth+).
Your rubbery body absorbs attacks. (AC +1, EV +1)
One of your tentacles bears a large vicious spike.


Message History

No target in view!
No target in view!
Things that are here:
a +0 dagger; a goblin corpse You butcher the goblin corpse.
b - 9 chunks of flesh (gained 1)
Things that are here:
a +0 dagger; a goblin skeleton Your transformation is almost over.
You see here a cursed -3 dagger.
Magic restored.
Some of the chunks of flesh in your inventory have rotted away.
Your tentacle spike disappears.
Some of the chunks of flesh in your inventory have rotted away.
Found an escape hatch in the floor.
Key pressed, stopping explore.
There is an escape hatch in the floor here.
i - a scroll labeled VEREIF NAARA
h - a +0 club (weapon)
You drop a +0 dagger.
f - a +0 dagger Wield which item (- for none, * to show all)? (? for menu, Esc to quit)
f - a +0 dagger (weapon)
You drop a +0 club.
Some of the chunks of flesh in your inventory have rotted away.
A rat comes into view.
A rat is nearby!
A rat is nearby!
The rat bites you.
You barely miss the rat. You grab the rat. You constrict the rat.
The rat misses you.
You hit the rat but do no damage.
The rat is heavily wounded.
You constrict the rat.
You kill the rat!
No target in view!
No target in view!
No target in view!
No target in view!
No target in view!
No target in view!
No target in view!
No target in view!
No target in view!
A giant cockroach comes into view.
Found a stone staircase leading down.
A giant cockroach is nearby!
You hit the giant cockroach. You grab the giant cockroach.
The giant cockroach is moderately wounded.
You constrict the giant cockroach, but do no damage.
The giant cockroach barely misses you.
You hit the giant cockroach.
You squeeze the giant cockroach, but do no damage.
The giant cockroach is severely wounded.
You constrict the giant cockroach.
You kill the giant cockroach!
No target in view!
No target in view!
You butcher the giant cockroach corpse.
b - 4 chunks of flesh (gained 2) Some of the chunks of flesh in your inventory have rotted away.
A worm comes into view.
A worm is nearby!
Casting: Beastly Appendage (safe; 9% risk of failure)
Confirm with . or Enter, or press ? or * to list all spells.
One of your tentacles grows a vicious spike.
The helpless worm fails to defend itself.
You hit the worm. You grab the worm.
You pierce the worm, but do no damage.
The worm is lightly wounded.
You constrict the worm. You hit the worm.
The worm is moderately wounded.
You constrict the worm. The worm bites you.
You hit the worm.
Your tentacle spike misses the worm.
The worm is heavily wounded.
You constrict the worm. You hit the worm but do no damage.
The worm is heavily wounded.
You constrict the worm. The worm closely misses you.
You hit the worm but do no damage.
You pierce the worm.
The worm is severely wounded.
You constrict the worm. The worm bites you!
You are too injured to fight recklessly!
You release your grip on the worm.
Your transformation is almost over.
Casting: Beastly Appendage (safe; 9% risk of failure)
Confirm with . or Enter, or press ? or * to list all spells.
You create a snake!
You now have arrows for 11 snakes.
You swap places.
Your ball python bites the worm.
Your ball python barely misses the worm.
Your ball python bites the worm.
Your ball python grabs the worm.
Your ball python constricts the worm.
Your ball python bites the worm.
Your ball python constricts the worm.
The worm bites your ball python!
Your ball python dies!
Casting: Sticks to Snakes (safe; 13% risk of failure)
Confirm with . or Enter, or press ? or * to list all spells.
You create a snake!
You now have arrows for 10 snakes.
The worm bites you!
You die...

#........#
#........#
#.#......#
####.#......# .
#...........# ...
##.#.#......#....
#.##.#....##...#...
#....#.w...........
#..@........#...
........S...........
#####...##......#...
#....#####...# ..
#....# #.... .
#..... ###.. #.....
.. #.....


You could see a worm and a friendly ball python.

Vanquished Creatures
  A leopard gecko (D:1)
  A giant cockroach (D:1)
  5 goblins (D:1)
  A hobgoblin (D:1)
  2 frilled lizards (D:1)
  A rat (D:1)
11 creatures vanquished.

Notes
Turn   | Place    | Note
-------+----------+-------------------------------------------
     0 | D:1      | MisterOstroum the Octopode Transmuter began the quest for
                  | the Orb.
     0 | D:1      | Reached XP level 1. HP: 13/13 MP: 3/3
   167 | D:1      | Reached XP level 2. HP: 18/18 MP: 5/5
   175 | D:1      | Learned a level 2 spell: Sticks to Snakes
   471 | D:1      | Slain by a worm

Action                   || total
-------------------------++-------
Melee: Unarmed           ||    22
       Constrict         ||     9
       Tentacles         ||     5
       Dagger            ||     9
       Kick              ||     2
 Cast: Beastly Appendage ||     3
       Sticks to Snakes  ||     2
 Stab: Sleeping          ||     3
Dodge: Dodged            ||    16
